 Dungeon Sprint DCSS version 0.22-a0-565-gfc6459a524 (webtiles) character file.

23100000 Jannitor the Ninja (level 27, -6/249 HPs)
             Began as a Formicid Artificer on June 28, 2018.
             Was the Champion of Makhleb.
             Killed from afar by an observer (11 damage)
             ... with a fireball
             ... in the Dungeon (Sprint VIII: "Arena of Blood").
             The game lasted 00:06:05 (231 turns).

Jannitor the Ninja (Formicid Artificer)              Turns: 231, Time: 00:06:06

Health: -6/249     AC:  6    Str: 21    XL:     27
Magic:  54/54      EV: 34    Int: 11    God:    Makhleb [******]
Gold:   0          SH:  0    Dex: 20    Spells: 80/80 levels left

rFire    + . .     SeeInvis +   m - +∞ Axe of Woe
rCold    . . .     Gourm    .   (no shield)
rNeg     . . .     Faith    .   b - +0 leather armour
rPois    .         Spirit   .   (helmet unavailable)
rElec    .         Reflect  .   (no cloak)
rCorr    .         Harm     .   (no gloves)
MR       ++...                  (no boots)
Stlth    +++++++++.             (no amulet)
HPRegen  0.51/turn              n - ring of protection from fire
MPRegen  0.34/turn              (no ring)

@: lethally poisoned (-6 -> -14)
A: permanent stasis, dig shafts and tunnels, four strong arms, antennae 3
a: Dig, Minor Destruction, Lesser Servant of Makhleb, Major Destruction, Greater
Servant of Makhleb, Renounce Religion


You were in the Dungeon.
You worshipped Makhleb.
Makhleb was exalted by your worship.
You were not hungry.

You visited 1 branch

Inventory:

Hand Weapons
 a - a +0 short sword
 m - the +∞ Axe of Woe (weapon)
   (You found it in the Dungeon)
Armour
 b - a +0 leather armour (worn)
Jewellery
 n - a ring of protection from fire (left hand)
Wands
 c - a wand of flame (15)
 d - a wand of enslavement (15)
 e - a wand of random effects (15)
Scrolls
 l - a scroll of blinking
Potions
 g - a potion of curing
 h - a potion of heal wounds
 i - a potion of haste
 j - 2 potions of magic
 k - a potion of berserk rage


   Skills:
 O Level 27 Fighting
 O Level 27 Short Blades
 O Level 27 Axes
 O Level 27 Throwing
 O Level 27 Armour
 O Level 27 Dodging
 O Level 27 Stealth
 O Level 27 Unarmed Combat
 O Level 27 Spellcasting
 O Level 27 Invocations
 O Level 27 Evocations


You had 80 spell levels left.
You didn't know any spells.
Your spell library was empty.

Dungeon Overview and Level Annotations

Branches:
Dungeon (1/1)

Altars:
Makhleb

Annotations:
D The Captor


Innate Abilities, Weirdness & Mutations

You cannot be hasted, slowed, berserked, paralysed or teleported.
You can dig through walls and to a lower floor.
Your four strong arms can wield two-handed weapons with a shield.
You have a pair of large antennae on your head. (SInv)


Message History

The destroyer moves out of view.
The bag of meat moves out of view.
You hear a shout!
The observer turns its gaze towards you.
The scourge hisses angrily.
You hear a shout!
The Captor shouts!
The observer turns its gaze towards you.
You hear an angry hiss.
You hear a shout! x2
Found an uncursed ring of protection from fire.
A hell knight and a hell beast come into view.
You retract your mandibles.
You feel sick.
You hear a shout! x5
The observer gazes at you. Something smites you!
* * * LOW HITPOINT WARNING * * *
The vile throws damnation at you.
The sphere of damnation explodes!
The damnation engulfs you!
* * * LOW HITPOINT WARNING * * *
You hear a shout! x2
The observer gazes at you.
The fireball explodes!
The fireball engulfs you! You resist.
You die...

....W..#.###.##
#ooo..o##.###.#
zG..M..#.###.##
#.G9M..##.###.#
.......#.#.#.##
##.....##.###.#
.......###...##
#......#.####
G...G..#@##
ooWo..S###
Wo2G..=


pWoS... o@WW... 2G#.... 2#z9... You could see 2 accurseds, 2 observers, a vile
and 3 bags of meat.

Vanquished Creatures
  A hell beast (D)
  10 vampire knights (D)
  17 ogres (D)
  3 two-headed ogres (D)
  2 liches (D)
  46 orcs (D)
  3 skeletal warriors (D)
  A sea snake (D)
  A crawling corpse (D)
84 creatures vanquished.

Vanquished Creatures (others)
  2 crawling corpses (D)
2 creatures vanquished.

Grand Total: 86 creatures vanquished

Notes
Turn   | Place    | Note
-------+----------+-------------------------------------------
     0 | D        | Found the +∞ Axe of Woe
     0 | D        | Jannitor the Formicid Artificer began the quest for the Orb.
     0 | D        | Reached XP level 1. HP: 15/15 MP: 3/3
     2 | D        | Noticed a bag of meat
     4 | D        | Became a worshipper of Makhleb the Destroyer
     6 | D        | Noticed a bag of meat
     6 | D        | Noticed a bag of meat
     6 | D        | Noticed a bag of meat
     7 | D        | Noticed a bag of meat
     8 | D        | Killed a bag of meat
     8 | D        | Reached skill level 15 in Stealth
     8 | D        | Reached XP level 2. HP: 40/40 MP: 3/9
     8 | D        | Reached XP level 3. HP: 46/46 MP: 3/11
     8 | D        | Reached XP level 4. HP: 53/53 MP: 3/12
     8 | D        | Reached XP level 5. HP: 59/59 MP: 3/14
     8 | D        | Reached XP level 6. HP: 66/66 MP: 3/15
     8 | D        | Reached XP level 7. HP: 72/72 MP: 3/17
     8 | D        | Reached XP level 8. HP: 79/79 MP: 3/18
     8 | D        | Reached XP level 9. HP: 85/85 MP: 3/19
     8 | D        | Reached XP level 10. HP: 92/92 MP: 3/20
     8 | D        | Reached XP level 11. HP: 98/98 MP: 3/21
     8 | D        | Reached XP level 12. HP: 105/105 MP: 3/22
     8 | D        | Noticed a bag of meat
     8 | D        | Noticed a bag of meat
     9 | D        | Killed a bag of meat
     9 | D        | Reached * piety under Makhleb
     9 | D        | Reached skill level 15 in Fighting
     9 | D        | Reached skill level 15 in Armour
     9 | D        | Reached skill level 15 in Evocations
     9 | D        | Reached XP level 13. HP: 115/115 MP: 3/24
     9 | D        | Noticed a bag of meat
    10 | D        | Noticed a meat berserker
    11 | D        | Noticed a bag of meat
    11 | D        | Noticed a meat berserker
    12 | D        | Noticed a bag of meat
    12 | D        | Noticed a bag of meat
    12 | D        | Noticed a bag of meat
    13 | D        | Noticed a meat berserker
    13 | D        | Noticed a bag of meat
    14 | D        | Killed a bag of meat
    14 | D        | Reached skill level 15 in Axes
    14 | D        | Reached XP level 14. HP: 126/126 MP: 4/26
    14 | D        | Noticed a meat berserker
    14 | D        | Noticed a bag of meat
    15 | D        | Killed a meat berserker
    15 | D        | Reached XP level 15. HP: 61/137 MP: 4/28
    15 | D        | Reached ** piety under Makhleb
    15 | D        | Reached XP level 16. HP: 65/146 MP: 4/29
    15 | D        | Noticed a meat berserker
    15 | D        | Noticed a destroyer
    15 | D        | Noticed a destroyer
    16 | D        | Killed a meat berserker
    16 | D        | Reached XP level 17. HP: 158/158 MP: 4/31
    17 | D        | Killed a meat berserker
    17 | D        | Reached *** piety under Makhleb
    17 | D        | Reached XP level 18. HP: 126/170 MP: 5/33
    17 | D        | Killed a destroyer
    17 | D        | Reached skill level 27 in Stealth
    17 | D        | Noticed a meat berserker
    17 | D        | Noticed a meat berserker
    18 | D        | Killed a meat berserker
    18 | D        | Reached XP level 19. HP: 184/184 MP: 5/35
    18 | D        | Reached **** piety under Makhleb
    19 | D        | Noticed a meat berserker
    20 | D        | Killed a meat berserker
    20 | D        | Reached skill level 27 in Fighting
    20 | D        | Reached skill level 27 in Armour
    20 | D        | Reached skill level 27 in Evocations
    20 | D        | Reached XP level 20. HP: 197/197 MP: 5/37
    20 | D        | Reached skill level 27 in Axes
    21 | D        | Killed a destroyer
    21 | D        | Reached ***** piety under Makhleb
    21 | D        | Reached skill level 27 in Dodging
    21 | D        | Reached XP level 21. HP: 204/204 MP: 6/38
    21 | D        | Noticed a destroyer
    22 | D        | Noticed a meat berserker
    22 | D        | Noticed a destroyer
    22 | D        | Noticed a meat berserker
    22 | D        | Noticed a destroyer
    22 | D        | Noticed a destroyer
    23 | D        | Killed a meat berserker
    23 | D        | Reached XP level 22. HP: 212/212 MP: 6/39
    23 | D        | Reached skill level 27 in Invocations
    23 | D        | Reached skill level 27 in Throwing
    23 | D        | Reached skill level 1 in Unarmed Combat
    23 | D        | Reached skill level 1 in Spellcasting
    24 | D        | Killed a meat berserker
    24 | D        | Killed a destroyer
    24 | D        | Reached XP level 23. HP: 219/219 MP: 6/44
    26 | D        | Reached ****** piety under Makhleb
    26 | D        | Reached XP level 24. HP: 227/227 MP: 7/49
    26 | D        | Noticed a large bag of meat
    27 | D        | Killed a destroyer
    27 | D        | Reached skill level 27 in Short Blades
    27 | D        | Reached skill level 27 in Unarmed Combat
    27 | D        | Reached skill level 27 in Spellcasting
    27 | D        | Reached XP level 25. HP: 234/234 MP: 7/54
    27 | D        | Noticed a destroyer
    28 | D        | Noticed a destroyer
    30 | D        | Killed a destroyer
    30 | D        | Reached XP level 26. HP: 242/242 MP: 8/54
    31 | D        | Reached XP level 27. HP: 249/249 MP: 8/54
    32 | D        | Killed a destroyer
    32 | D        | Killed a destroyer
    36 | D        | Noticed a destroyer
    37 | D        | Killed a destroyer
    38 | D        | Noticed a large bag of meat
    40 | D        | Killed a destroyer
    42 | D        | Noticed a large bag of meat
    43 | D        | Killed a large bag of meat
    43 | D        | Noticed a destroyer
    47 | D        | Killed a large bag of meat
    47 | D        | Noticed a tyrant
    47 | D        | Noticed a tyrant
    47 | D        | Noticed a destroyer
    53 | D        | Killed a destroyer
    55 | D        | Noticed a tyrant
    62 | D        | Killed a tyrant
    64 | D        | Killed a tyrant
   114 | D        | Noticed a meat beast
   114 | D        | Noticed a dread
   114 | D        | Noticed a meat beast
   114 | D        | Noticed a meat beast
   115 | D        | Noticed a meat beast
   117 | D        | Killed a meat beast
   122 | D        | Killed a large bag of meat
   142 | D        | Noticed a dread
   142 | D        | Noticed a destroyer
   211 | D        | Noticed a tyrant
   211 | D        | Noticed a tyrant
   211 | D        | Noticed an accursed
   211 | D        | Noticed a dread
   211 | D        | Noticed a dread
   212 | D        | Noticed an accursed
   213 | D        | Noticed a meat beast
   230 | D        | Noticed a destroyer
   230 | D        | Noticed an accursed
   230 | D        | Noticed a meat beast
   230 | D        | Noticed The Captor
   230 | D        | Noticed a meat beast
   230 | D        | Noticed a meat beast
   230 | D        | Noticed a dread
   230 | D        | Noticed a vile
   230 | D        | Noticed a vile
   231 | D        | Noticed a meat beast
   231 | D        | Noticed a fleshlord
   231 | D        | HP: 5/249 [vile/damnation (19)]
   231 | D        | Killed from afar by an observer

Vault maps used:
D:        meatsprint

Skill      XL: |  1  2  3  4  5  6  7  8  9 10 11 12 13 14 15 16 17 18 19 20 21 22 23 24 |
---------------+-------------------------------------------------------------------------+-----
Fighting       | 13 15 16 18 19 21 22 25 27 | 27.0
Axes           | 12 13 15 17 19 21 23 25 27 | 27.0
Armour         | 13 15 16 18 19 21 22 25 27 | 27.0
Dodging        | 11 13 14 16 18 19 22 24 27 | 27.0
Stealth        | 15 17 19 21 22 24 26 27 | 27.0
Evocations     | 13 15 16 18 19 21 22 25 27 | 27.0
Throwing       | 14 22 27 | 27.0
Invocations    | 16 26 27 | 27.0
Short Blades   | 17 22 27 | 27.0
Unarmed Combat | 17 22 27 | 27.0
Spellcasting   | 17 22 27 | 27.0

Action                   |  1- 3 |  4- 6 |  7- 9 | 10-12 | 13-15 | 16-18 | 19-21 | 22-24 | 25-27 || total
-------------------------+-------+-------+-------+-------+-------+-------+-------+-------+-------++-------
Melee: Executioner's axe |     1 |       |       |     1 |     2 |     3 |     3 |     3 |    24 ||    37
 Abil: Dig               |       |       |       |       |       |       |       |       |    10 ||    10
  Eat: Ration            |       |       |       |       |       |       |       |       |     1 ||     1
Armor: Leather armour    |       |       |       |       |       |       |       |       |     1 ||     1
Dodge: Dodged            |       |       |       |     1 |     1 |       |     1 |       |     4 ||     7

Table legend:
 A = Spawn XP
 B = Non-spawn XP
 C = Spawn XP percentage of total XP
 D = Spawn monster count
 E = Non-spawn monster count
 F = Spawn count percentage of total count
 G = Total turns spent on level
                    A         B        C        D         E        F      G
               +---------+---------+-------+---------+---------+-------+---------
         Total |       0 | 2399841 |   0.0 |       0 |      83 |   0.0 |   231
               +---------+---------+-------+---------+---------+-------+---------
             D |       0 | 2399841 |   0.0 |       0 |      83 |   0.0 |   231
               +---------+---------+-------+---------+---------+-------+---------
